 Dungeon Crawl Stone Soup version 0.21.1-1-g345015f (webtiles) character file.

56 jamsan the Grasshopper (level 3, 0/18 HPs)
             Began as a Spriggan Warper on June 8, 2018.
             Succumbed to a worker ant's poison
             ... on level 3 of the Dungeon.
             The game lasted 00:30:17 (2897 turns).

jamsan the Grasshopper (Spriggan Warper)            Turns: 2897, Time: 00:30:17

Health: 0/18       AC:  2    Str:  7    XL:     3   Next: 69%
Magic:  3/8        EV: 19    Int: 14    God:
Gold:   78         SH:  0    Dex: 16    Spells: 4/8 levels left

rFire    . . .     SeeInvis +   a - +0 short sword
rCold    . . .     Gourm    .   (shield restricted)
rNeg     . . .     Faith    .   b - +0 robe
rPois    .         Spirit   .   (helmet restricted)
rElec    .         Reflect  .   (no cloak)
rCorr    .         Harm     .   (gloves unavailable)
MR       .....                  (boots unavailable)
Stlth    ++........             (no amulet)
HPRegen  0.06/turn              (no ring)
MPRegen  0.11/turn              (no ring)

@: lethally poisoned (0 -> -5), very slightly contaminated, very quick
A: very small, unfitting armour, see invisible, herbivore, speed 3, slow
metabolism 2
a: no special abilities


You were on level 3 of the Dungeon.
You were not hungry.

You visited 1 branch of the dungeon, and saw 3 of its levels.

You collected 78 gold pieces.

Inventory:

Hand Weapons
 a - a +0 short sword (weapon)
 h - a +0 hunting sling
Armour
 b - a +0 robe (worn)
 o - a +0 leather armour
Jewellery
 l - an uncursed ring of protection from magic {unknown}
Scrolls
 d - a scroll of blinking
 e - 2 scrolls of identify
 g - a scroll of remove curse {unknown}
 i - a scroll of magic mapping {unknown}
 n - a scroll of enchant weapon {unknown}
 p - 3 scrolls of teleportation {unknown}
 q - a scroll of enchant armour
Potions
 j - a potion of lignification {unknown}
 m - 3 potions of haste {unknown}
Books
 c - a book of Spatial Translocations

   Spells                             Type                      Level
   a - Blink                          Translocation                2
   b - Shroud of Golubria             Charms/Translocation         2
   c - Lesser Beckoning               Translocation                3
   d - Gell's Gravitas                Translocation                3
   e - Teleport Other                 Translocation                3
   f - Passage of Golubria            Translocation                4
Comestibles
 f - 4 rations


   Skills:
 - Level 1.5 Fighting
 + Level 2.7 Short Blades
 + Level 1.1(1.4) Slings
 - Level 1.0(1.1) Throwing
 + Level 4.2 Dodging
 + Level 2.2 Stealth
 + Level 3.2 Spellcasting
 + Level 4.7 Translocations


You had 4 spell levels left.
You knew the following spells:

 Your Spells              Type           Power        Failure   Level  Hunger
a - Blink                 Tloc           N/A          4%          2    ##.....
b - Shroud of Golubria    Chrm/Tloc      #.........   12%         2    ##.....


Dungeon Overview and Level Annotations

Branches:
Dungeon (3/15)

Altars:

Annotations:
D:2 Natasha, Terence


Innate Abilities, Weirdness & Mutations

You are very small and have problems with some larger weapons.
You are too small for most types of armour.
You have supernaturally acute eyesight. (SInv)
You are a herbivore.
You cover ground extremely quickly.
You need consume almost no food.


Message History

The worker ant poisons you!
Casting: Blink
Confirm with . or Enter, or press ? or * to list all spells.
You blink.
* * * LOW HITPOINT WARNING * * *
You feel sick.
* * * LOW HITPOINT WARNING * * *
You feel sick.
* * * LOW HITPOINT WARNING * * *
You feel sick.
There is an open door here.
Items here: ) ††† a short sword; a giant cockroach corpse x2; a kobold corpse You close the door, pushing everything out of the way.
You see here a kobold corpse.
* * * LOW HITPOINT WARNING * * *
You feel sick.
There is a stone staircase leading up here.
You eat one of the 5 rations.
That ration really hit the spot!
You die...

###+###
#######.....#
#.....'.....+
#.....#.....#####
#......(....+†.@#
#...........#####
#...(.K.....#
#.....a[........
#................
##......##.........
........##.........
†###.#..##.........
.# #.#..##.........


There were no monsters in sight!

Vanquished Creatures
  2 oozes
  A worm (D:2)
  A dart slug (D:1)
  2 leopard geckos (D:2)
  3 giant cockroaches
  7 goblins
  4 hobgoblins
  5 jackals (D:1)
  4 bats
  2 frilled lizards
  4 kobolds
  3 rats
38 creatures vanquished.

Notes
Turn   | Place    | Note
-------+----------+-------------------------------------------
     0 | D:1      | jamsan the Spriggan Warper began the quest for the Orb.
     0 | D:1      | Reached XP level 1. HP: 10/10 MP: 5/5
     6 | D:1      | Noticed a rime drake
     6 | D:1      | Noticed a crocodile
     6 | D:1      | Noticed a worker ant
     7 | D:1      | Noticed a lindwurm
     7 | D:1      | Noticed a black mamba
   192 | D:1      | Reached skill level 1 in Stealth
   333 | D:1      | Reached XP level 2. HP: 5/14 MP: 6/6
   337 | D:1      | Learned a level 2 spell: Blink
   340 | D:1      | Learned a level 2 spell: Shroud of Golubria
  2030 | D:2      | Reached XP level 3. HP: 18/18 MP: 5/8
  2214 | D:2      | Noticed Terence
  2704 | D:2      | Reached skill level 1 in Slings
  2727 | D:2      | Noticed Natasha
  2897 | D:3      | Succumbed to a worker ant's poison

Skill      XL: |  1  2  3 |
---------------+----------+-----
Stealth        | 1 2 |  2.2
Spellcasting   | 3 |  3.2
Dodging        | 4 |  4.2
Slings         | 1 |  1.1
Fighting       | |  1.5
Short Blades   | |  2.7
Throwing       | |  1.0
Translocations | |  4.7

Action                   || total
-------------------------++-------
Melee: Short sword       ||   236
Throw: Tomahawk          ||     5
       Stone             ||    25
 Cast: Shroud of Golubri ||    18
       Blink             ||    11
  Use: Scroll            ||     2
  Eat: Ration            ||     1
Armor: Robe              ||    16
Dodge: Dodged            ||   234
